 Dungeon Crawl Stone Soup version 0.16-a0-3939-g9a3e665 (webtiles) character file.

16 Ololoev the Chopper (level 2, 0/24 HPs)
             Began as a Ghoul Gladiator on Feb 6, 2015.
             Slain by a gnoll (2 damage)
             ... on level 1 of the Dungeon.
             The game lasted 00:01:20 (398 turns).

Ololoev the Chopper (Ghoul Gladiator)                Turns: 398, Time: 00:01:21

Health: 0/24       AC: 11    Str: 18    XL:     2   Next: 58%
Magic:  2/2        EV:  5    Int:  3    God:
Gold:   66         SH:  0    Dex:  9    Spells: 0 memorised, 1 level left

rFire  . . .     SeeInvis .     a - +0 war axe
rCold  + . .     Clarity  .     f - +0 plate armour
rNeg   + + +     SustAb   .     (no shield)
rPois  ∞         Gourm    .     c - +0 helmet
rElec  .         Spirit   .     (no cloak)
rCorr  .         Warding  .     (no gloves)
rMut   .         Stasis   .     (no boots)
MR     .....                    (no amulet)
Stlth  ..........               (no ring)
                                (no ring)

@: rotting, not resistant to hostile enchantments, extremely unstealthy
A: rotting body, claws 1, carnivore 3, cold resistance 1, negative energy
resistance 3, poison resistance, slow healing 1, torment resistance, unbreathing
a: no special abilities


You were on level 1 of the Dungeon.
You were not hungry.

You visited 1 branch of the dungeon, and saw 1 of its levels.

You collected 66 gold pieces.

Notes
Turn   | Place    | Note
--------------------------------------------------------------
     0 | D:1      | Ololoev, the Ghoul Gladiator, began the quest for the Orb.
     0 | D:1      | Reached XP level 1. HP: 17/17 MP: 1/1
    82 | D:1      | Reached skill level 3 in Axes
    82 | D:1      | Reached XP level 2. HP: 16/24 MP: 2/2
   212 | D:1      | Reached skill level 1 in Armour
   398 | D:1      | Slain by a gnoll

Inventory:

Hand weapons
 a - a +0 war axe (weapon)
Missiles
 d - 3 throwing nets (quivered)
Armour
 c - a +0 helmet (worn)
 f - a +0 plate armour (worn)
Scrolls
 b - a scroll of magic mapping {unknown}
 e - 3 scrolls of blinking {unknown}
Potions
 h - a potion of heal wounds {unknown}
 i - 2 potions of curing {unknown}
Comestibles
 g - 5 chunks of flesh

Table legend:
 A = Turns spent in this place as a percentage of turns spent in the entire game.
 B = Non-inter-level travel turns spent in this place as a percentage of non-inter-level travel turns spent in the entire game.
 C = Inter-level travel turns spent in this place as a percentage of turns spent in this place.
 D = Turns resting spent in this place as a percentage of non-inter-level travel turns spent in this place.
 E = Turns spent auto-exploring this place as a percentage of non-inter-level travel turns spent in this place.
 F = Non-inter-level travel turns spent in this place divided by the number of levels of this place that you've seen.
                   A       B       C       D       E      F
               +-------+-------+-------+-------+-------+----------------------
         Total | 100.0 | 100.0 |   0.0 |   1.4 |  16.2 | 148.0
       Dungeon | 100.0 | 100.0 |   0.0 |   1.4 |  16.2 | 148.0
               +-------+-------+-------+-------+-------+----------------------


   Skills:
 - Level 2.1 Fighting
 + Level 3.1 Axes
 - Level 1.7 Throwing
 * Level 1.1 Armour
 - Level 2.6 Dodging


You had one spell level left.
You didn't know any spells.

Dungeon Overview and Level Annotations

Branches:
Dungeon (1/15)

Altars:


Innate Abilities, Weirdness & Mutations

Your body is rotting away.
You thrive on raw meat.
You have sharp fingernails.
You are carnivorous and can eat meat at any time.
Your flesh is cold resistant.
You are immune to negative energy.
Your system is resistant to poisons.
You heal slowly when monsters are visible.
You are immune to unholy pain and torment.
You can survive without breathing.


Message History

You kill the hobgoblin!
No target in view!
No target in view!
Things that are here:
a club; a hobgoblin corpse You butcher the hobgoblin corpse.
g - 5 chunks of flesh (gained 2)
You see here a club.
Found an escape hatch in the floor.
You now have 66 gold pieces (gained 15).
No target in view!
i - a bubbling amethyst potion
i - 2 bubbling amethyst potions (gained 1)
A gnoll comes into view.
The gnoll shouts!
Found a stone staircase leading down.
There is an escape hatch in the floor here.
You closely miss the gnoll. The gnoll hits you but does no damage.
The gnoll hits you.
Your plate armour prevents you from hitting the gnoll.
The gnoll hits you but does no damage.
You closely miss the gnoll. The gnoll barely misses you.
You closely miss the gnoll. The gnoll hits you. The gnoll barely misses you.
You slash the gnoll!
The gnoll is heavily wounded.
The gnoll hits you.
You are too injured to fight recklessly!
You slash the gnoll!
The gnoll is almost dead.
The gnoll hits you. The gnoll hits you but does no damage.
Your plate armour prevents you from hitting the gnoll.
The gnoll is almost dead.
The gnoll hits you but does no damage.
You hit the gnoll but do no damage.
The gnoll is almost dead.
The gnoll hits you.
You closely miss the gnoll.
The gnoll is almost dead.
The gnoll hits you.
You die...

#.# #.# #.# #.# #.#
#.# . #.# ... #g#
### .. #@# ...
....#.##.#######..
....
.....>.............
....
########.#######.#
###.
#...............#
#.
#...............#
#.
#...............#
#...............#
#...........)...#


You could see a gnoll.

Table legend:
 A = Kills in this place as a percentage of kills in entire the game.
 B = Kills by you in this place as a percentage of kills by you in the entire game.
 C = Kills by friends in this place as a percentage of kills by friends in the entire game.
 D = Other kills in this place as a percentage of other kills in the entire game.
 E = Experience gained in this place as a percentage of experience gained in the entire game.
 F = Experience gained in this place divided by the number of levels of this place that you have seen.
                   A       B       C       D       E      F
               +-------+-------+-------+-------+-------+----------------------
         Total | 100.0 | 100.0 |  -nan |  -nan | 100.0 |  24.0
       Dungeon | 100.0 | 100.0 |  -nan |  -nan | 100.0 |  24.0
               +-------+-------+-------+-------+-------+----------------------

Vanquished Creatures
  2 giant geckos (D:1)
  2 hobgoblins (D:1)
  4 kobolds (D:1)
  2 giant newts (D:1)
  A goblin (D:1)
  4 rats (D:1)
15 creatures vanquished.

Action                   || total
-------------------------++-------
Melee: War axe           ||    50
  Eat: Chunk             ||     3

Vault maps used:
D:1:      dpeg_arrival_simpleton_c, corexii_corridor_pit
